 Dungeon Crawl Stone Soup version 0.29.0-4-gdea44cf6ec (webtiles) character file.

Game seed: 14111049572180293934

15108 qw the Cleaver (level 12, -2/78 HPs)
             Began as a Gargoyle Berserker on Sept 4, 2022.
             Was an Elder of Trog.
             Slain by Sonja
             ... wielding a +2 dagger of distortion
              (22 damage)
             ... on level 1 of the Lair of Beasts.
             The game lasted 00:04:27 (13903 turns).

qw the Cleaver (Gargoyle Berserker)                Turns: 13903, Time: 00:04:28

Health: -2/78      AC: 37    Str: 25    XL:     12   Next: 23%
Magic:  12/12      EV:  8    Int:  9    God:    Trog [****..]
Gold:   419        SH:  0    Dex:  9    Spells: 11/11 levels left

rFire   . . .      SeeInvis .   t - +0 war axe (vamp)
rCold   + . .      Faith    .   (no shield)
rNeg    + . .      Spirit   .   u - +0 plate armour
rPois   inf        Reflect  .   c - +0 helmet
rElec   +          Harm     .   l - +0 cloak
rCorr   .          Rampage  .   e - +2 pair of gloves
Will    .....                   j - +2 pair of boots
Stlth   ..........              (no amulet)
HPRegen 0.23/turn               f - ring of protection from cold
MPRegen 0.13/turn               n - +4 ring of protection

@: on berserk cooldown, slowed, very slow
A: sickness immunity, AC +8, negative energy resistance 1, electricity
resistance, torment resistance 1, petrification resistance
a: Renounce Religion, Berserk, Trog's Hand, Brothers in Arms


You were on level 1 of the Lair of Beasts.
You worshipped Trog.
Trog was greatly pleased with you.
You visited 2 branches of the dungeon, and saw 11 of its levels.

You collected 584 gold pieces.
You spent 165 gold pieces at shops.


Innate Abilities, Weirdness & Mutations

You are immune to sickness and miasma.
Your stone body is resilient. (AC +8)
You are immune to poison.
You resist negative energy. (rN+)
You are resistant to electric shocks. (rElec)
You are resistant to unholy torment.
You are immune to petrification.


   Skills:
 - Level 10.5 Fighting
 + Level 13.5 Axes
 - Level 2.4 Throwing
 - Level 10.1 Armour
 - Level 2.0 Dodging


You had 11 spell levels left.
You didn't know any spells.
Your spell library was empty.

Inventory:

Hand Weapons
 a - a +3 hand axe of flaming
 t - a +0 vampiric war axe (weapon)
Missiles
 s - 2 boomerangs (quivered)
Armour
 c - a +0 helmet (worn)
 e - a +2 pair of gloves (worn)
 j - a +2 pair of boots (worn)
 l - a +0 cloak (worn)
 u - a +0 plate armour (worn)
Jewellery
 f - a ring of protection from cold (left hand)
 n - a +4 ring of protection (right hand)
 o - a ring of resist corrosion
Scrolls
 b - a scroll of identify
 p - 2 scrolls of teleportation
Potions
 d - 2 potions of heal wounds
 g - 2 potions of haste
 h - a potion of resistance
 i - 7 potions of curing
 k - a potion of might {unknown}
 m - a potion of cancellation
 q - a potion of invisibility {unknown}
 r - a potion of mutation

Dungeon Overview and Level Annotations

Branches:
Dungeon (10/15)            Temple (0/1) D:5            Lair (1/5) D:10
    Orc: D:9-12

Altars:
Cheibriados
Elyvilon
Gozag
Nemelex Xobeh
Qazlal
Uskayaw
Wu Jian
Yredelemnul
Zin

Shops:
D:2 [   D:6 [   D:7 !

Annotations:
D:2 1 runed translucent door, Crazy Yiuf
D:7 2 runed translucent doors
Lair:1 Sonja


Message History

You throw a boomerang.
The boomerang hits Sonja but does no damage.
Throw: 2 boomerangs
Press: ? - help, Q - select action Shift-Dir - straight line, f/p - Sonja You throw a boomerang.
The boomerang hits the black mamba.
The black mamba is lightly wounded.
You slash the black mamba!
You feel better.
The black mamba is moderately wounded.
Your surroundings suddenly seem different.
You start resting.
Sonja is nearby!
Throw: 2 boomerangs
Press: ? - help, Q - select action Shift-Dir - straight line, f/p - Sonja You throw a boomerang.
The boomerang completely misses Sonja.
Sonja mumbles some strange words.
Sonja blinks!
You slash Sonja!
Sonja is heavily wounded.
Sonja hits you but does no damage. Space warps around you.
Sonja barely misses you. Sonja hits you but does no damage.
Space warps horribly around you!!
13899 ||| INVOKING Berserk.
A red film seems to cover your vision as you go berserk!
You feel yourself moving faster!
You feel mighty!
Sonja mumbles some strange words.
Sonja blinks!
You feel a strong urge to attack something.
Sonja throws a curare-tipped dart.
The curare-tipped dart hits you.
You feel your anger nearly subside.
You are no longer berserk.
You are exhausted.
You feel yourself slow down. Sonja hits you but does no damage.
Space warps around you. Sonja hits you but does no damage.
Space warps around you. Sonja barely misses you.
You closely miss Sonja.
Sonja is heavily wounded.
Sonja closely misses you. Sonja hits you but does no damage.
Space warps around you. Sonja hits you but does no damage.
Space warps around you. Sonja hits you but does no damage. x2
Space warps horribly around you!!
You die...

#....# #...## ##...# #...#
#....## #...# ##....#
#.... ##....# #...#
#....## ##...# ##...#
##....#
.#######.@.###.##...######
.........K.......KS.......
..........................
..........................
#######.###.############..
### ### #


You could see Sonja.

Vanquished Creatures
  Gastronok (D:10)
  A bunyip (shapeshifter) (D:10)
  4 two-headed ogres (D:10)
  A cyclops (D:10)
  Maggie (D:7)
  A yaktaur (D:10)
  An efreet (D:10)
  A komodo dragon (D:10)
  2 kobold demonologists
  A troll (D:10)
  2 hornets (D:10)
  2 wyverns
  8 yaks
  5 humans (D:9)
  3 vampire mosquitoes (D:10)
  2 steam dragons
  2 acid dragons
  2 water moccasins
  9 orc warriors
  3 sky beasts (D:7)
  3 black bears
  4 ice beasts
  4 ogres
  4 centaurs
  A phantom (D:5)
  2 kobold brigands
  6 bullfrogs
  A gnoll sergeant (D:9)
  6 scorpions
  3 necrophages
  8 wights
  6 killer bees
  4 howler monkeys
  3 hounds
  A jelly (D:6)
  10 orc priests
  3 iguanas
  10 orc wizards
  3 gnolls (D:9)
  10 adders
  3 white imps
  2 ufetubi
  3 worms
  36 orcs
  7 ball pythons
  9 bats
  5 endoplasms
  3 giant cockroaches
  9 goblins
  10 hobgoblins
  4 jackals (D:2)
  9 kobolds
  6 quokkas
  4 frilled lizards
  5 rats
259 creatures vanquished.

Vanquished Creatures (others)
  4 plants (Lair:1)
4 creatures vanquished.

Grand Total: 263 creatures vanquished

Notes
Turn   | Place    | Note
-------+----------+-------------------------------------------
     0 | D:1      | qw the Gargoyle Berserker began the quest for the Orb.
     0 | D:1      | Reached XP level 1. HP: 14/14 MP: 1/1
     0 | D:1      | 0 ||| qw: Version: 0.1-a-103-gd6f5d3a
     0 | D:1      | 0 ||| qw: Game counter: 5473
     0 | D:1      | 0 ||| qw: Always use a shield: true
     0 | D:1      | 0 ||| qw: Do Orc after D:15 true
     0 | D:1      | 0 ||| qw: Do second Lair branch before Depths: true
     0 | D:1      | 0 ||| qw: Lair rune preference: random
     0 | D:1      | 0 ||| qw: Plans: Normal
     0 | D:1      | 0 ||| PLANNING D:1-11
    55 | D:1      | Reached skill level 3 in Axes
    62 | D:1      | 62 ||| Stepping ~*~*~tactically~*~*~ (stealth).
    69 | D:1      | Reached XP level 2. HP: 14/19 MP: 2/2
   355 | D:1      | 355 ||| Stepping ~*~*~tactically~*~*~ (stealth).
   360 | D:1      | 360 ||| INVOKING Berserk.
   423 | D:1      | 423 ||| Stepping ~*~*~tactically~*~*~ (stealth).
   591 | D:1      | 591 ||| SWAPPING to +2 hand axe of flaming.
   592 | D:1      | 592 ||| DROPPING +0 hand axe.
   593 | D:1      | 593 ||| DROPPING +0 whip.
   605 | D:1      | Reached XP level 3. HP: 23/23 MP: 3/3
   767 | D:1      | 767 ||| UPGRADING to +0 pair of gloves.
   772 | D:1      | 772 ||| READING scroll labelled BUICEJ REMIU.
   773 | D:1      | 773 ||| READING 3 scrolls labelled RITUIC VECEZ.
   774 | D:1      | 774 ||| READING scroll labelled FEZUMOR VUZYL.
   775 | D:1      | 775 ||| READING scroll labelled SENLAZ XUNT.
   776 | D:1      | 776 ||| DROPPING 2 scrolls of magic mapping.
   913 | D:2      | 913 ||| INVOKING Berserk.
   914 | D:2      | 914 ||| INVOKING Berserk.
  1097 | D:2      | Reached skill level 4 in Axes
  1104 | D:2      | Found Nouh's Armour Shoppe.
  1160 | D:2      | 1160 ||| INVOKING Berserk.
  1210 | D:2      | 1210 ||| Stepping ~*~*~tactically~*~*~ (stealth).
  1231 | D:2      | 1231 ||| SHOPLISTING +0 leather armour (28 gold, have 26).
  1231 | D:2      | 1231 ||| SHOPLISTING +0 pair of boots (63 gold, have 26).
  1231 | D:2      | 1231 ||| SHOPLISTING +0 ring mail (56 gold, have 26).
  1231 | D:2      | 1231 ||| SHOPLISTING +1 chain mail of Laom Mis {rC- rCorr
                  | Str+7} (417 gold, have 26).
  1231 | D:2      | 1231 ||| SHOPLISTING +1 leather armour of the Gravedigger
                  | {Rampage Int+2} (254 gold, have 26).
  1231 | D:2      | 1231 ||| SHOPLISTING +1 scale mail of fire resistance (224
                  | gold, have 26).
  1231 | D:2      | 1231 ||| SHOPLISTING +1 swamp dragon scales of Valour
                  | {+Blink rPois rN+ Will++} (1220 gold, have 26).
  1361 | D:2      | Reached XP level 4. HP: 28/28 MP: 4/4
  1398 | D:2      | 1398 ||| Stepping ~*~*~tactically~*~*~ (stealth).
  1401 | D:2      | Reached ** piety under Trog
  1419 | D:2      | 1419 ||| Stepping ~*~*~tactically~*~*~ (stealth).
  1420 | D:2      | 1420 ||| Stepping ~*~*~tactically~*~*~ (stealth).
  1526 | D:2      | Found a runed translucent door.
  1527 | D:2      | Noticed Crazy Yiuf
  1928 | D:2      | 1928 ||| UPGRADING to +0 helmet.
  1933 | D:2      | 1933 ||| READING scroll labelled TUYMYF YPTEGO.
  1934 | D:2      | 1934 ||| DRINKING 2 murky golden potions.
  1967 | D:3      | 1967 ||| INVOKING Berserk.
  1969 | D:3      | Reached skill level 5 in Axes
  1971 | D:3      | Reached XP level 5. HP: 32/32 MP: 5/5
  2518 | D:3      | Reached XP level 6. HP: 39/39 MP: 6/6
  2662 | D:3      | 2662 ||| READING scroll of enchant armour.
  2662 | D:3      | 2662 ||| ENCHANTING +0 pair of gloves.
  3116 | D:3      | 3116 ||| UPGRADING to +0 leather armour.
  3126 | D:3      | 3126 ||| DROPPING +0 animal skin.
  3127 | D:3      | 3127 ||| UPGRADING to +0 ring mail.
  3137 | D:3      | 3137 ||| DROPPING +0 leather armour.
  3138 | D:3      | 3138 ||| UPGRADING to +0 chain mail.
  3148 | D:3      | 3148 ||| DROPPING +0 ring mail.
  3149 | D:3      | 3149 ||| READING scroll labelled EDEDAC XENU.
  3205 | D:3      | 3205 ||| READING 2 scrolls labelled WOGOEWKAAR.
  3206 | D:3      | 3206 ||| READING scroll labelled BAFREG NOEL.
  3207 | D:3      | 3207 ||| READING scroll labelled COSKON JOUFANT.
  3211 | D:3      | 3211 ||| DRINKING 2 glowing red potions.
  3312 | D:3      | 3312 ||| DROPPING scroll of immolation.
  3313 | D:3      | 3313 ||| DROPPING potion of ambrosia.
  3358 | D:4      | 3358 ||| SWAPPING to +0 war axe.
  3551 | D:4      | Reached skill level 3 in Armour
  3755 | D:4      | 3755 ||| INVOKING Berserk.
  3762 | D:4      | Reached skill level 6 in Axes
  3762 | D:4      | Reached XP level 7. HP: 32/44 MP: 7/7
  3931 | D:4      | 3931 ||| Stepping ~*~*~tactically~*~*~ (stealth).
  3933 | D:4      | 3933 ||| Stepping ~*~*~tactically~*~*~ (stealth).
  3934 | D:4      | Found a white marble altar of Elyvilon.
  3950 | D:4      | Found a hide-covered altar of Uskayaw.
  3951 | D:4      | 3951 ||| INVOKING Berserk.
  3960 | D:4      | HP: 10/44 [ogre/+0 giant club (4)]
  3961 | D:4      | 3961 ||| DRINKING potion of heal wounds.
  4307 | D:4      | 4307 ||| Stepping ~*~*~tactically~*~*~ (stealth).
  4312 | D:4      | 4312 ||| Stepping ~*~*~tactically~*~*~ (stealth).
  4349 | D:4      | 4349 ||| UPGRADING to +2 pair of boots.
  4354 | D:4      | 4354 ||| DRINKING 2 lumpy cyan potions.
  4355 | D:4      | 4355 ||| DRINKING 2 glowing pink potions.
  4356 | D:4      | 4356 ||| DRINKING 3 amethyst potions.
  4357 | D:4      | 4357 ||| DROPPING potion of attraction.
  4394 | D:5      | Entered Level 5 of the Dungeon
  4400 | D:5      | 4400 ||| Stepping ~*~*~tactically~*~*~ (stealth).
  4401 | D:5      | 4401 ||| Stepping ~*~*~tactically~*~*~ (stealth).
  4415 | D:5      | 4415 ||| INVOKING Berserk.
  4422 | D:5      | Reached skill level 7 in Axes
  4529 | D:5      | 4529 ||| Stepping ~*~*~tactically~*~*~ (stealth).
  4530 | D:5      | 4530 ||| Stepping ~*~*~tactically~*~*~ (stealth).
  4543 | D:5      | 4543 ||| Stepping ~*~*~tactically~*~*~ (stealth).
  4719 | D:5      | 4719 ||| INVOKING Berserk.
  4723 | D:5      | Reached XP level 8. HP: 49/49 MP: 8/8
  4794 | D:5      | 4794 ||| Stepping ~*~*~tactically~*~*~ (stealth).
  5018 | D:5      | Found a staircase to the Ecumenical Temple.
  5022 | D:5      | 5022 ||| INVOKING Berserk.
  5026 | D:5      | Reached skill level 8 in Axes
  5041 | D:5      | 5041 ||| Stepping ~*~*~tactically~*~*~ (stealth).
  5063 | D:5      | 5063 ||| Stepping ~*~*~tactically~*~*~ (stealth).
  5068 | D:5      | 5068 ||| INVOKING Berserk.
  5114 | D:5      | 5114 ||| Stepping ~*~*~tactically~*~*~ (stealth).
  5115 | D:5      | 5115 ||| Stepping ~*~*~tactically~*~*~ (stealth).
  5118 | D:5      | 5118 ||| Stepping ~*~*~tactically~*~*~ (stealth).
  5120 | D:5      | 5120 ||| Stepping ~*~*~tactically~*~*~ (stealth).
  5121 | D:5      | 5121 ||| Stepping ~*~*~tactically~*~*~ (stealth).
  5124 | D:5      | 5124 ||| Stepping ~*~*~tactically~*~*~ (stealth).
  5125 | D:5      | 5125 ||| Stepping ~*~*~tactically~*~*~ (stealth).
  5130 | D:5      | 5130 ||| Stepping ~*~*~tactically~*~*~ (stealth).
  5157 | D:5      | 5157 ||| Stepping ~*~*~tactically~*~*~ (stealth).
  5159 | D:5      | 5159 ||| Stepping ~*~*~tactically~*~*~ (stealth).
  5161 | D:5      | 5161 ||| DRINKING 4 potions of curing.
  5161 | D:5      | 5161 ||| (to cure confusion)
  5162 | D:5      | 5162 ||| Stepping ~*~*~tactically~*~*~ (hiding).
  5164 | D:5      | 5164 ||| Stepping ~*~*~tactically~*~*~ (hiding).
  5166 | D:5      | 5166 ||| Stepping ~*~*~tactically~*~*~ (hiding).
  5192 | D:5      | Reached *** piety under Trog
  5193 | D:5      | Reached skill level 6 in Fighting
  5237 | D:5      | 5237 ||| INVOKING Berserk.
  5631 | D:5      | 5631 ||| UPGRADING to ring of protection from cold.
  5734 | D:6      | 5734 ||| Stepping ~*~*~tactically~*~*~ (hiding).
  5881 | D:6      | 5881 ||| Stepping ~*~*~tactically~*~*~ (hiding).
  5892 | D:6      | 5892 ||| DRINKING 3 potions of curing.
  5892 | D:6      | 5892 ||| (to cure confusion)
  5908 | D:6      | Found Xeat's Armour Emporium.
  5918 | D:6      | 5918 ||| READING scroll of enchant armour.
  5918 | D:6      | 5918 ||| ENCHANTING +1 pair of gloves.
  5948 | D:6      | 5948 ||| FLEEEEING.
  5949 | D:6      | 5949 ||| FLEEEEING.
  5952 | D:6      | 5952 ||| Stepping ~*~*~tactically~*~*~ (hiding).
  5961 | D:6      | 5961 ||| INVOKING Berserk.
  5976 | D:6      | Reached skill level 9 in Axes
  5980 | D:6      | 5980 ||| DRINKING 2 potions of curing.
  5980 | D:6      | 5980 ||| (to cure confusion)
  6194 | D:6      | Found an opulent altar of Gozag.
  6305 | D:6      | Reached XP level 9. HP: 55/55 MP: 9/9
  6479 | D:6      | 6479 ||| Stepping ~*~*~tactically~*~*~ (stealth).
  6481 | D:6      | 6481 ||| Stepping ~*~*~tactically~*~*~ (hiding).
  6486 | D:6      | 6486 ||| INVOKING Berserk.
  6899 | D:6      | 6899 ||| UPGRADING to +0 cloak.
  6904 | D:6      | 6904 ||| DRINKING 2 coppery potions.
  6905 | D:6      | 6905 ||| DROPPING potion of degeneration.
  7054 | D:7      | Identified the +2 dagger "Newt's Death" {flame, Drain rCorr
                  | Int+8 Dex-3}
  7092 | D:7      | Found a stormy altar of Qazlal.
  7104 | D:7      | Reached skill level 6 in Armour
  7145 | D:7      | Noticed Maggie
  7152 | D:7      | Killed Maggie
  7213 | D:7      | 7213 ||| Stepping ~*~*~tactically~*~*~ (hiding).
  7214 | D:7      | 7214 ||| Stepping ~*~*~tactically~*~*~ (hiding).
  7378 | D:7      | 7378 ||| Stepping ~*~*~tactically~*~*~ (stealth).
  7386 | D:7      | 7386 ||| Stepping ~*~*~tactically~*~*~ (stealth).
  7387 | D:7      | 7387 ||| Stepping ~*~*~tactically~*~*~ (stealth).
  7388 | D:7      | 7388 ||| Stepping ~*~*~tactically~*~*~ (stealth).
  7466 | D:7      | Reached skill level 10 in Axes
  7493 | D:7      | 7493 ||| Stepping ~*~*~tactically~*~*~ (stealth).
  7631 | D:7      | Found a runed translucent door.
  7631 | D:7      | Found a runed translucent door.
  7631 | D:7      | Noticed a five-headed hydra
  7729 | D:7      | 7729 ||| INVOKING Berserk.
  7954 | D:7      | Reached XP level 10. HP: 50/64 MP: 10/10
  8079 | D:7      | Found Voekky's Distillery.
  8088 | D:7      | 8088 ||| BUYING potion of curing (45 gold).
  8088 | D:7      | Bought a potion of curing for 45 gold pieces
  8088 | D:7      | 8088 ||| BUYING potion of mutation (120 gold).
  8088 | D:7      | Bought a potion of mutation for 120 gold pieces
  8088 | D:7      | 8088 ||| SHOPLISTING potion of mutation (120 gold, have
                  | 99).
  8190 | D:7      | Found a sparkling altar of Nemelex Xobeh.
  8329 | D:7      | Reached skill level 1 in Throwing
  8362 | D:7      | Found a glowing silver altar of Zin.
  8592 | D:7      | 8592 ||| UPGRADING to +4 ring of protection.
  8593 | D:7      | 8593 ||| READING 2 scrolls of identify.
  8593 | D:7      | 8593 ||| IDENTIFYING metallic coppery potion
  8787 | D:7      | 8787 ||| STAIRDANCE
  8789 | D:6      | 8789 ||| INVOKING Berserk.
  8950 | D:7      | Reached skill level 11 in Axes
  8969 | D:7      | 8969 ||| READING 2 scrolls of identify.
  8969 | D:7      | 8969 ||| IDENTIFYING black potion
  8970 | D:7      | 8970 ||| DROPPING potion of flight.
  9075 | D:8      | 9075 ||| READING scroll of enchant weapon.
  9075 | D:8      | 9075 ||| ENCHANTING +0 war axe.
  9278 | D:8      | 9278 ||| INVOKING Berserk.
  9391 | D:8      | 9391 ||| SWAPPING to +0 vampiric war axe.
  9392 | D:8      | 9392 ||| DROPPING +1 war axe.
  9430 | D:8      | 9430 ||| Stepping ~*~*~tactically~*~*~ (hiding).
  9432 | D:8      | 9432 ||| Stepping ~*~*~tactically~*~*~ (hiding).
  9636 | D:8      | Found an ornate altar of the Wu Jian Council.
  9784 | D:8      | Found a basalt altar of Yredelemnul.
  9957 | D:8      | 9957 ||| UPGRADING to +0 plate armour.
  9967 | D:8      | 9967 ||| DROPPING +0 chain mail.
  9968 | D:8      | 9968 ||| READING 2 scrolls labelled XECIER OCIT.
  9969 | D:8      | 9969 ||| READING scroll labelled RICKEC XOFYNA.
  9970 | D:8      | 9970 ||| DRINKING 2 fuming cyan potions.
  9971 | D:8      | 9971 ||| DROPPING scroll of summoning.
 10011 | D:9      | 10011 ||| Stepping ~*~*~tactically~*~*~ (hiding).
 10012 | D:9      | 10012 ||| Stepping ~*~*~tactically~*~*~ (hiding).
 10020 | D:9      | 10020 ||| INVOKING Berserk.
 10150 | D:9      | 10150 ||| INVOKING Berserk.
 10305 | D:9      | 10305 ||| Stepping ~*~*~tactically~*~*~ (stealth).
 10307 | D:9      | 10307 ||| Stepping ~*~*~tactically~*~*~ (hiding).
 10312 | D:9      | 10312 ||| Stepping ~*~*~tactically~*~*~ (hiding).
 10313 | D:9      | 10313 ||| Stepping ~*~*~tactically~*~*~ (stealth).
 10314 | D:9      | 10314 ||| Stepping ~*~*~tactically~*~*~ (hiding).
 10315 | D:9      | 10315 ||| Stepping ~*~*~tactically~*~*~ (hiding).
 10317 | D:9      | 10317 ||| INVOKING Berserk.
 10332 | D:9      | Reached **** piety under Trog
 10491 | D:9      | 10491 ||| Stepping ~*~*~tactically~*~*~ (hiding).
 10492 | D:9      | 10492 ||| Stepping ~*~*~tactically~*~*~ (hiding).
 10701 | D:9      | 10701 ||| INVOKING Berserk.
 10839 | D:9      | Noticed a kobold demonologist
 10842 | D:9      | 10842 ||| Stepping ~*~*~tactically~*~*~ (hiding).
 10857 | D:9      | Killed a kobold demonologist
 10858 | D:9      | Reached skill level 9 in Fighting
 11000 | D:9      | Reached skill level 9 in Armour
 11068 | D:9      | 11068 ||| Stepping ~*~*~tactically~*~*~ (hiding).
 11074 | D:9      | 11074 ||| Stepping ~*~*~tactically~*~*~ (hiding).
 11079 | D:9      | 11079 ||| INVOKING Berserk.
 11089 | D:9      | Reached XP level 11. HP: 71/71 MP: 11/11
 11206 | D:9      | 11206 ||| Stepping ~*~*~tactically~*~*~ (hiding).
 11207 | D:9      | 11207 ||| Stepping ~*~*~tactically~*~*~ (hiding).
 11228 | D:9      | 11228 ||| Stepping ~*~*~tactically~*~*~ (stealth).
 11230 | D:9      | 11230 ||| Stepping ~*~*~tactically~*~*~ (hiding).
 11234 | D:9      | 11234 ||| INVOKING Berserk.
 11696 | D:9      | 11696 ||| READING scroll labelled CEUWEI YJOEN.
 11697 | D:9      | 11697 ||| READING scroll labelled TOYSTOILAA.
 11698 | D:9      | 11698 ||| READING scroll labelled TUAKUCS TYGGE.
 11725 | D:10     | Entered Level 10 of the Dungeon
 11727 | D:10     | Noticed a cyclops
 11728 | D:10     | 11728 ||| FLEEEEING.
 11729 | D:10     | 11729 ||| STAIRDANCE
 11797 | D:10     | 11797 ||| INVOKING Berserk.
 11802 | D:10     | Killed a cyclops
 11979 | D:10     | 11979 ||| INVOKING Berserk.
 12156 | D:10     | Reached skill level 12 in Axes
 12267 | D:10     | Found a snail-covered altar of Cheibriados.
 12293 | D:10     | Found a staircase to the Lair.
 12363 | D:10     | Noticed Gastronok
 12372 | D:10     | 12372 ||| INVOKING Berserk.
 12386 | D:10     | Killed Gastronok
 12627 | D:10     | Noticed an anaconda
 12628 | D:10     | 12628 ||| Stepping ~*~*~tactically~*~*~ (stealth).
 12725 | D:10     | Noticed a bunyip
 12729 | D:10     | 12729 ||| INVOKING Berserk.
 12736 | D:10     | Killed a bunyip
 13058 | D:10     | Noticed a two-headed ogre
 13058 | D:10     | Noticed a two-headed ogre
 13059 | D:10     | 13059 ||| Stepping ~*~*~tactically~*~*~ (stealth).
 13061 | D:10     | 13061 ||| Stepping ~*~*~tactically~*~*~ (stealth).
 13063 | D:10     | 13063 ||| INVOKING Berserk.
 13067 | D:10     | Killed a two-headed ogre
 13072 | D:10     | Killed a two-headed ogre
 13163 | D:10     | Noticed a two-headed ogre
 13163 | D:10     | Noticed a two-headed ogre
 13164 | D:10     | 13164 ||| Stepping ~*~*~tactically~*~*~ (hiding).
 13166 | D:10     | 13166 ||| INVOKING Berserk.
 13170 | D:10     | Reached skill level 13 in Axes
 13172 | D:10     | Killed a two-headed ogre
 13174 | D:10     | Killed a two-headed ogre
 13175 | D:10     | Reached XP level 12. HP: 78/78 MP: 12/12
 13293 | D:10     | 13293 ||| Stepping ~*~*~tactically~*~*~ (hiding).
 13316 | D:10     | 13316 ||| INVOKING Berserk.
 13561 | D:10     | 13561 ||| PLANNING LAIR
 13561 | D:10     | 13561 ||| READING 2 scrolls of identify.
 13561 | D:10     | 13561 ||| IDENTIFYING sedimented emerald potion
 13562 | D:10     | 13562 ||| DROPPING potion of lignification.
 13643 | Lair:1   | Entered Level 1 of the Lair of Beasts
 13645 | Lair:1   | 13645 ||| Stepping ~*~*~tactically~*~*~ (stealth).
 13662 | Lair:1   | 13662 ||| INVOKING Berserk.
 13823 | Lair:1   | Noticed Sonja
 13835 | Lair:1   | HP: 17/78 [Sonja/+2 dagger of distortion (4)]
 13836 | Lair:1   | 13836 ||| READING 3 scrolls of teleportation.
 13837 | Lair:1   | 13837 ||| DRINKING 3 potions of heal wounds.
 13899 | Lair:1   | 13899 ||| INVOKING Berserk.
 13903 | Lair:1   | Slain by Sonja

Levels and vault maps discovered:
D:1:      lemuel_arrival_broad_hall, layout_rooms, minmay_pentomino_o2
D:2:      layout_basic, serial_shops, nicolae_shop_waterfront,
          uniq_crazy_yiuf_cottage
D:3:      layout_loops_corners
D:4:      layout_rooms, mainiacjoe_overflow_catwalk_spiral, minivault_25
D:5:      layout_basic, minmay_temple_entry_arrows
D:6:      layout_basic, nicolae_gozag_seed_capital, serial_shops, shop
D:7:      minmay_the_grid_triangle_9x9_rhombus_full
          [minmay_the_grid_triangle_9x9_semitri,
          minmay_the_grid_triangle_9x9_wacky_v,
          minmay_the_grid_triangle_9x9_sparse_checkered,
          minmay_the_grid_triangle_9x9_thin_v,
          minmay_the_grid_triangle_9x9_zippers_horizontal,
          minmay_the_grid_triangle_9x9_fully_insulated_deathbox,
          minmay_the_grid_triangle_9x9_tough_junction,
          minmay_the_grid_triangle_9x9_prize_special], layout_loops_corners,
          old_standard_altar, kennysheep_mini_moat, mainiacjoe_overflow_catwalk,
          enter_bailey_5, serial_shops, nicolae_lakefront_shop,
          mrwooster_statue_mirror, nicolae_fountain_basement, uniq_maggie
D:8:      layout_loops_ring, mainiacjoe_overflow_six_doors_small,
          old_standard_altar, serial_rivers, chequers_serial_rivers_micro_d,
          chequers_serial_rivers_micro_d, chequers_serial_rivers_small_a,
          chequers_serial_rivers_small_3, chequers_serial_rivers_marsh,
          hangedman_decor_clover_reticule
D:9:      layout_stronghold, minmay_ruffians
D:10:     minmay_slanted_spiral_squares, layout_irregular_city,
          mainiacjoe_overflow_alcove_1, uniq_gastronok
Lair:1:   statuecave_lemuel, layout_long_grid, fungi_pond_lemuel, uniq_sonja

Skill      XL: |  1  2  3  4  5  6  7  8  9 10 11 12 |
---------------+-------------------------------------+-----
Axes           | 3 4 5 6 7 9 10 11 13 | 13.5
Fighting       | 4 5 6 8 9 10 | 10.5
Armour         | 3 4 6 9 10 | 10.1
Throwing       | 1 2 |  2.4
Dodging        | 2 |  2.0

Action                   |  1- 3 |  4- 6 |  7- 9 | 10-12 || total
-------------------------+-------+-------+-------+-------++-------
Melee: Hand axe          |    96 |    94 |       |       ||   190
       War axe           |       |    38 |   282 |   413 ||   733
       Punch             |       |     1 |     1 |     1 ||     3
Throw: Boomerang         |       |       |       |    51 ||    51
Invok: Berserk           |     3 |     2 |     9 |    17 ||    31
  Use: Scroll            |     4 |     6 |     1 |    10 ||    21
       Potion            |       |     2 |     8 |     2 ||    12
Armor: Animal skin       |    28 |    29 |       |       ||    57
       Chain mail        |       |    22 |   183 |    73 ||   278
       Plate armour      |       |       |       |   286 ||   286
Dodge: Dodged            |    49 |    56 |   109 |   198 ||   412

Table legend:
 A = Non-vault XP
 B = Vault XP
 C = Vault XP percentage of total XP
 D = Non-vault monster count
 E = Vault monster count
 F = Vault count percentage of total count
                 A         B        C        D         E       F
            +---------+---------+-------+---------+---------+-------
      Total |   12231 |    9353 |  43.3 |     218 |      41 |  15.8
            +---------+---------+-------+---------+---------+-------
        D:1 |      34 |       2 |   5.6 |      20 |       1 |   4.8
        D:2 |      87 |       0 |   0.0 |      28 |       0 |   0.0
        D:3 |     242 |       0 |   0.0 |      28 |       0 |   0.0
        D:4 |     474 |       0 |   0.0 |      15 |       0 |   0.0
        D:5 |    1026 |       0 |   0.0 |      25 |       0 |   0.0
        D:6 |     824 |     514 |  38.4 |      17 |       4 |  19.0
        D:7 |    1275 |    1090 |  46.1 |      16 |      15 |  48.4
        D:8 |    1230 |       0 |   0.0 |      14 |       0 |   0.0
        D:9 |    1901 |     970 |  33.8 |      29 |       5 |  14.7
       D:10 |    3809 |    6777 |  64.0 |      18 |      16 |  47.1
     Lair:1 |    1329 |       0 |   0.0 |       8 |       0 |   0.0
            +---------+---------+-------+---------+---------+-------
